cohdb
Replays
Latest Replays
All Replays
Popular Replays
Top Player Replays
Match Explorer
How It Works
Community
CoH3 Stats
Reddit
Sign in to upload your games and track your stats! →
Sign in with Steam
Match 42081458
Unlisted
Match 42081458
Overview
Messages
Build Orders
End
Kradschützen Motorcycle Team
Panzergrenadier Squad
Selects Italian Infantry
Panzergrenadier Squad
Construct Light Support Kompanie
2.5-tonne Medical Truck
MG34 Team
Fire Support Elements
Flakvierling Half-track
Selects Guastatori Squad
Guastatori Squad
Selects Registered Artillery
Construct Mechanized Kompanie
254 Reconnaissance Tractor
Selects Towed Cannone da 105/28 Field Howitzer
Towed Cannone da 105/28 Field Howitzer
Construct Panzerarmee Kommand
Panzer III L Medium Tank
Selects Defensive Operations
Emergency Repair Kits
Tungsten Core Ammunition
重慶森林
Dr.Tod
incel_incinerat0r
szlachcic
0
0
Comments
sign in to comment!
No comments posted yet!